BR (22 & UNDER)
RANCHO CUCAMONGA SICK MONKEYS @ WATERTOWN HEADHUNTERS
09/02/2029
 
TOP OF THE 1ST
Rancho Cucamonga Sick Monkeys batting - Pitching for Watertown Headhunters : RHP Lou Hawkins
Pitching: RHP Lou Hawkins
Batting: SHB Jimmy Mayer 0-0: Swinging Strike
0-1: Ball
1-1: Called Strike
1-2: Strikes out swinging, 2-3 out at first.
Batting: LHB Kevin Hatcher 0-0: Ball
1-0: Foul Ball, location: 2F
1-1: Foul Ball, location: 2F
1-2: Ball
2-2: Foul Ball, location: 2F
2-2: Foul Ball, location: 2F
2-2: Fly out, F9 (Flyball, 9S)
Batting: LHB Terry Barton 0-0: Ball
1-0: Called Strike
1-1: Swinging Strike
1-2: Foul Ball, location: 2F
1-2: Strikes out swinging
Top of the 1st over - 0 runs, 0 hits, 0 errors, 0 left on base; Rancho Cucamonga 0 - Watertown 0
BOTTOM OF THE 1ST
Watertown Headhunters batting - Pitching for Rancho Cucamonga Sick Monkeys : LHP Tony Whitcomb
Pitching: LHP Tony Whitcomb
Batting: RHB Gustavo Martínez 0-0: SINGLE (Line Drive, 89M)
Batting: RHB Héctor Villarreal 0-0: Ball
Gustavo Martínez steals 2nd base
1-0: Swinging Strike
1-1: Swinging Strike
1-2: Strikes out swinging
Batting: LHB William Donnelly 0-0: Called Strike
0-1: Ball
1-1: Called Strike
1-2: Strikes out looking
Batting: LHB Mark Watson 0-0: Ball
1-0: Ball
2-0: Fly out, F9 (Flyball, 9S)
Bottom of the 1st over - 0 runs, 1 hit, 0 errors, 1 left on base; Rancho Cucamonga 0 - Watertown 0
TOP OF THE 2ND
Rancho Cucamonga Sick Monkeys batting - Pitching for Watertown Headhunters : RHP Lou Hawkins
Batting: RHB Hank Brown 0-0: Ball
1-0: Fly out, F6 (Popup, 6)
Batting: RHB Aaron Adams 0-0: Ball
1-0: Foul Ball, location: 2F
1-1: Ball
2-1: Fly out, F6 (Line Drive, 6)
Batting: SHB Paco Estrada 0-0: Hit by Pitch
Batting: RHB Rod Zamora 0-0: Ball
1-0: Fly out, F8 (Flyball, 78M)
Top of the 2nd over - 0 runs, 0 hits, 0 errors, 1 left on base; Rancho Cucamonga 0 - Watertown 0
BOTTOM OF THE 2ND
Watertown Headhunters batting - Pitching for Rancho Cucamonga Sick Monkeys : LHP Tony Whitcomb
Batting: LHB Ángel Figueiedo 0-0: Ball
1-0: Called Strike
1-1: Fly out, F4 (Line Drive, 4MD)
Batting: RHB Juan Camacho 0-0: Foul Ball, location: 2F
0-1: Foul Ball, location: 2F
0-2: Ball
1-2: Foul Ball, location: 2F
1-2: Foul Ball, location: 2F
1-2: Ball
2-2: Ball
3-2: Ground out 5-3 (Groundball, 56S)
Batting: RHB António Trevino 0-0: Called Strike
0-1: Hit by Pitch
Batting: RHB Pedro López 0-0: Ball
1-0: Fly out, F4 (Line Drive, 4M)
Bottom of the 2nd over - 0 runs, 0 hits, 0 errors, 1 left on base; Rancho Cucamonga 0 - Watertown 0
TOP OF THE 3RD
Rancho Cucamonga Sick Monkeys batting - Pitching for Watertown Headhunters : RHP Lou Hawkins
Batting: RHB Carlos Baronti 0-0: Swinging Strike
0-1: Foul Ball, location: 2F
0-2: Fly out, F9 (Flyball, 9S)
Batting: RHB Mike Cooley 0-0: Swinging Strike
0-1: Called Strike
0-2: Ball
1-2: Fly out, F7 (Flyball, 7)
Batting: SHB Jimmy Mayer 0-0: Ground out 4-3 (Groundball, 4D)
Top of the 3rd over - 0 runs, 0 hits, 0 errors, 0 left on base; Rancho Cucamonga 0 - Watertown 0
BOTTOM OF THE 3RD
Watertown Headhunters batting - Pitching for Rancho Cucamonga Sick Monkeys : LHP Tony Whitcomb
Batting: RHB Kululu Kijana 0-0: Called Strike
0-1: Fly out, F8 (Flyball, 89M)
Batting: RHB Gustavo Martínez 0-0: Ground out 4-3 (Groundball, 4)
Batting: RHB Héctor Villarreal 0-0: Ball
1-0: Ball
2-0: Ball
3-0: Called Strike
3-1: Called Strike
3-2: TRIPLE (Flyball, 9LD)
Batting: LHB William Donnelly 0-0: Called Strike
0-1: Ball
1-1: Ball
2-1: Called Strike
2-2: Ball
3-2: Foul Ball, location: 2F
3-2: Fly out, F5 (Popup, 15)
Bottom of the 3rd over - 0 runs, 1 hit, 0 errors, 1 left on base; Rancho Cucamonga 0 - Watertown 0
TOP OF THE 4TH
Rancho Cucamonga Sick Monkeys batting - Pitching for Watertown Headhunters : RHP Lou Hawkins
Batting: LHB Kevin Hatcher 0-0: Called Strike
0-1: Foul Ball, location: 2F
0-2: Strikes out swinging
Batting: LHB Terry Barton 0-0: Ball
1-0: Ball
2-0: Ground out 5-3 (Groundball, 5)
Batting: RHB Hank Brown 0-0: Ball
1-0: Swinging Strike
1-1: Called Strike
1-2: Ball
2-2: Strikes out swinging
Top of the 4th over - 0 runs, 0 hits, 0 errors, 0 left on base; Rancho Cucamonga 0 - Watertown 0
BOTTOM OF THE 4TH
Watertown Headhunters batting - Pitching for Rancho Cucamonga Sick Monkeys : LHP Tony Whitcomb
Batting: LHB Mark Watson 0-0: Called Strike
0-1: Called Strike
0-2: Strikes out swinging
Batting: LHB Ángel Figueiedo 0-0: Called Strike
0-1: Ball
1-1: Fly out, F9 (Flyball, 9D)
Batting: RHB Juan Camacho 0-0: Ground out 6-3 (Groundball, 6)
Bottom of the 4th over - 0 runs, 0 hits, 0 errors, 0 left on base; Rancho Cucamonga 0 - Watertown 0
TOP OF THE 5TH
Rancho Cucamonga Sick Monkeys batting - Pitching for Watertown Headhunters : RHP Lou Hawkins
Batting: RHB Aaron Adams 0-0: Called Strike
0-1: Foul Ball, location: 2F
0-2: Ball
1-2: Foul Ball, location: 2F
1-2: Ball
2-2: Ball
3-2: Foul Ball, location: 2F
3-2: SINGLE (Groundball, 6MD)
Batting: SHB Paco Estrada 0-0: Called Strike
0-1: Ball
1-1: Called Strike
1-2: Fly out, F7 (Line Drive, 78M)
Pitching: LHP José Agámez
Batting: RHB Rod Zamora 0-0: Swinging Strike
0-1: Ball
1-1: Ball
2-1: Foul Ball, location: 2F
2-2: Ball
3-2: Fly out, F7 (Line Drive, 7S)
Batting: RHB Carlos Baronti 0-0: Ball
1-0: Fly out, F8 (Flyball, 8LS)
Top of the 5th over - 0 runs, 1 hit, 0 errors, 1 left on base; Rancho Cucamonga 0 - Watertown 0
BOTTOM OF THE 5TH
Watertown Headhunters batting - Pitching for Rancho Cucamonga Sick Monkeys : LHP Tony Whitcomb
Batting: RHB António Trevino 0-0: Ball
1-0: Called Strike
1-1: Ground out 5-3 (Groundball, 5S)
Batting: RHB Pedro López 0-0: Called Strike
0-1: Foul Ball, location: 2F
0-2: Foul Ball, location: 2F
0-2: Ball
1-2: Ground out 1-3 (Groundball, 13)
Batting: RHB Kululu Kijana 0-0: Ball
1-0: Ground out 6-3 (Groundball, 6)
Bottom of the 5th over - 0 runs, 0 hits, 0 errors, 0 left on base; Rancho Cucamonga 0 - Watertown 0
TOP OF THE 6TH
Rancho Cucamonga Sick Monkeys batting - Pitching for Watertown Headhunters : LHP José Agámez
Batting: RHB Mike Cooley 0-0: Ground out U3 (Groundball, 3)
Batting: SHB Jimmy Mayer 0-0: Bunted foul
0-1: Ball
1-1: Ground out 6-3 (Groundball, 6)
Batting: LHB Kevin Hatcher 0-0: Swinging Strike
0-1: Ball
1-1: Foul Ball, location: 2F
1-2: Ball
2-2: Strikes out swinging
Top of the 6th over - 0 runs, 0 hits, 0 errors, 0 left on base; Rancho Cucamonga 0 - Watertown 0
BOTTOM OF THE 6TH
Watertown Headhunters batting - Pitching for Rancho Cucamonga Sick Monkeys : LHP Tony Whitcomb
Batting: RHB Gustavo Martínez 0-0: Ball
1-0: Foul Ball, location: 2F
1-1: Bunted foul
1-2: Ball
2-2: Ball
3-2: DOUBLE (Flyball, 78D)
Batting: RHB Héctor Villarreal 0-0: 2-RUN HOME RUN (Flyball, 9D), Distance : 387 ft
Batting: LHB William Donnelly 0-0: Swinging Strike
0-1: Foul Ball, location: 2F
0-2: Ball
1-2: Ground out 4-3 (Groundball, 4)
Batting: LHB Mark Watson 0-0: Ball
1-0: Ball
2-0: Ball
3-0: Called Strike
3-1: SINGLE (Groundball, 4MD)
Batting: LHB Ángel Figueiedo 0-0: Ball
1-0: Called Strike
1-1: Ball
2-1: Swinging Strike
2-2: Ball
3-2: Strikes out swinging
Batting: RHB Juan Camacho 0-0: Ball
1-0: SINGLE (Groundball, 56D)
Mark Watson to second
Batting: RHB António Trevino 0-0: Ball
1-0: Foul Ball, location: 2F
1-1: Called Strike
1-2: Ball
2-2: Foul Ball, location: 2F
2-2: Foul Ball, location: 2F
2-2: Foul Ball, location: 2F
2-2: Foul Ball, location: 2F
2-2: Hit by Pitch
Mark Watson to third
Juan Camacho to second
Pitching: RHP Gustavo Guevara
Batting: RHB Pedro López 0-0: Ball
1-0: Ball
2-0: Ball
3-0: Base on Balls
Mark Watson scores
Juan Camacho to third
António Trevino to second
Batting: RHB Kululu Kijana 0-0: Ball
1-0: Swinging Strike
1-1: Ground out 3-1 (Groundball, 34)
Bottom of the 6th over - 3 runs, 4 hits, 0 errors, 3 left on base; Rancho Cucamonga 0 - Watertown 3
TOP OF THE 7TH
Rancho Cucamonga Sick Monkeys batting - Pitching for Watertown Headhunters : LHP José Agámez
Batting: LHB Terry Barton 0-0: Fly out, F7 (Flyball, 7S)
Batting: RHB Hank Brown 0-0: Ball
1-0: Called Strike
1-1: Ball
2-1: Foul Ball, location: 2F
2-2: Ball
3-2: Base on Balls
Pitching: RHP Manuel Trevino
Batting: RHB Aaron Adams 0-0: Ball
1-0: Ball
2-0: Foul Ball, location: 2F
2-1: Ball
3-1: Foul Ball, location: 2F
3-2: Strikes out swinging
Batting: SHB Paco Estrada 0-0: Ball
1-0: Fly out, F7 (Flyball, 7LM)
Top of the 7th over - 0 runs, 0 hits, 0 errors, 1 left on base; Rancho Cucamonga 0 - Watertown 3
BOTTOM OF THE 7TH
Watertown Headhunters batting - Pitching for Rancho Cucamonga Sick Monkeys : RHP Gustavo Guevara
Batting: RHB Gustavo Martínez 0-0: Called Strike
0-1: Ball
1-1: Foul Ball, location: 2F
1-2: Ball
2-2: Fly out, F9 (Flyball, 9)
Batting: RHB Héctor Villarreal 0-0: Foul Ball, location: 2F
0-1: Fly out, F3 (Popup, 3SF)
Batting: LHB William Donnelly 0-0: Ball
1-0: Ball
2-0: Ball
3-0: Base on Balls
Pitching: LHP Juan Valentín
Batting: LHB Mark Watson 0-0: Fielders Choice at 2nd, 5-4 (Groundball, 5)
Bottom of the 7th over - 0 runs, 0 hits, 0 errors, 1 left on base; Rancho Cucamonga 0 - Watertown 3
TOP OF THE 8TH
Rancho Cucamonga Sick Monkeys batting - Pitching for Watertown Headhunters : RHP Manuel Trevino
Batting: RHB Rod Zamora 0-0: Called Strike
0-1: Ball
1-1: Swinging Strike
1-2: Foul Ball, location: 2F
1-2: Ground out 6-3 (Groundball, 6)
Batting: RHB Carlos Baronti 0-0: Foul Ball, location: 2F
0-1: Ball
1-1: Foul Ball, location: 2F
1-2: Strikes out looking
Batting: RHB Mike Cooley 0-0: Ball
1-0: Swinging Strike
1-1: Called Strike
1-2: Ball
2-2: Foul Ball, location: 2F
2-2: Foul Ball, location: 2F
2-2: Ball
3-2: Foul Ball, location: 2F
3-2: Strikes out looking
Top of the 8th over - 0 runs, 0 hits, 0 errors, 0 left on base; Rancho Cucamonga 0 - Watertown 3
BOTTOM OF THE 8TH
Watertown Headhunters batting - Pitching for Rancho Cucamonga Sick Monkeys : LHP Juan Valentín
Pitching: RHP Juan Rosário
Batting: LHB Ángel Figueiedo 0-0: Ball
1-0: Called Strike
1-1: Swinging Strike
1-2: Ball
2-2: Foul Ball, location: 2F
2-2: Reached on error, E7 (Line Drive, 7)
Batting: RHB Juan Camacho 0-0: 2-RUN HOME RUN (Flyball, 9D), Distance : 365 ft
Batting: RHB António Trevino 0-0: Ball
1-0: Ball
2-0: Ball
3-0: Base on Balls
Batting: RHB Pedro López 0-0: Called Strike
0-1: Foul Ball, location: 2F
0-2: Ball
1-2: Foul Ball, location: 2F
1-2: Strikes out swinging
Batting: RHB Kululu Kijana 0-0: Called Strike
0-1: Foul Ball, location: 2F
0-2: Ball
1-2: Strikes out swinging
Batting: RHB Gustavo Martínez 0-0: Called Strike
0-1: Swinging Strike
0-2: Foul Ball, location: 2F
0-2: Ball
1-2: Strikes out swinging, 2-3 out at first.
Bottom of the 8th over - 2 runs, 1 hit, 1 error, 1 left on base; Rancho Cucamonga 0 - Watertown 5
TOP OF THE 9TH
Rancho Cucamonga Sick Monkeys batting - Pitching for Watertown Headhunters : RHP Manuel Trevino
Pitching: RHP Luis Gutiérrez
Batting: SHB Jimmy Mayer 0-0: Called Strike
0-1: Ball
1-1: Swinging Strike
1-2: Strikes out looking
Batting: LHB Kevin Hatcher 0-0: Called Strike
0-1: Ball
1-1: Foul Ball, location: 2F
1-2: Ball
2-2: Ball
3-2: Strikes out swinging
Batting: LHB Terry Barton 0-0: Foul Ball, location: 2F
0-1: Ball
1-1: Called Strike
1-2: Fly out, F8 (Flyball, 89S)
Top of the 9th over - 0 runs, 0 hits, 0 errors, 0 left on base; Rancho Cucamonga 0 - Watertown 5
Saturday, December 16th, 2017 - OOTP Baseball 18.8 Build 76